 Dungeon Crawl Stone Soup version 0.18-a0-1523-gbe15c29 (webtiles) character file.

9408 Kidiri the Thaumaturge (level 11, -12/54 HPs)
             Began as a Deep Elf Fire Elementalist on Mar 7, 2016.
             Was a Priest of Vehumet.
             Killed from afar by Harold (39 damage)
             ... with a bolt of fire
             ... on level 1 of the Lair of Beasts.
             The game lasted 01:05:42 (18467 turns).

Kidiri the Thaumaturge (DEFE)                      Turns: 18467, Time: 01:05:46

Health: -12/54     AC: 10    Str:  3    XL:     11   Next: 22%
Magic:  17/25      EV: 17    Int: 26    God:    Vehumet [***...]
Gold:   409        SH:  0    Dex: 15    Spells: 12 memorised, 1 level left

rFire  . . .     SeeInvis .     l - +6 dagger
rCold  . . .     Gourm    .     y - +2 robe {Archmagi}
rNeg   . . .     Faith    .     (no shield)
rPois  .         Spirit   .     m - +2 helmet
rElec  .         Dismiss  .     s - +2 cloak {+Inv}
rCorr  +         Reflect  .     (no gloves)
SustAt .         Harm     .     (no boots)
MR     +....     Clarity  +     (no amulet)
Stlth  +++++.....               L - ring of resist corrosion
                                u - ring of wizardry

@: repel missiles, somewhat resistant to hostile enchantments, quite stealthy
A: camouflage 1, clarity, clever 1, low mp 1, weak 1, subdued magic 1
a: Renounce Religion, Evoke Invisibility


You were on level 1 of the Lair of Beasts.
You worshipped Vehumet.
Vehumet was most pleased with you.
You were very full.

You visited 3 branches of the dungeon, and saw 12 of its levels.

You collected 539 gold pieces.
You spent 130 gold pieces at shops.

Inventory:

Hand Weapons
 l - a +6 dagger (weapon)
Armour
 m - a +2 helmet (worn)
 s - a +2 cloak of invisibility (worn)
 y - a +2 robe of the Archmagi (worn)
Jewellery
 a - a +2 ring of strength
 u - a ring of wizardry (left hand)
 G - an uncursed ring of protection from fire
 L - a ring of resist corrosion (right hand)
Wands
 b - a wand of flame (33/48)
 i - a wand of slowing (32/48)
 n - a wand of paralysis (12/24)
 t - a wand of disintegration (12/24)
 w - a wand of polymorph (10/24)
 C - a wand of random effects (26/48)
 F - a wand of acid (5/15)
 M - a wand of flame (6/48)
Scrolls
 j - 2 scrolls of amnesia
 v - 3 scrolls of remove curse
 B - a scroll of recharging {unknown}
 D - 2 scrolls of magic mapping
 E - a scroll of immolation
Potions
 d - a potion of cancellation
 e - 2 potions of resistance
 f - 2 potions of haste
 g - 4 potions of cure mutation
 h - 2 potions of lignification
 k - a potion of flight
 o - a potion of brilliance
 q - a potion of invisibility
 r - 2 potions of berserk rage
 x - a potion of curing
 z - a potion of magic
 I - a potion of ambrosia
Books
 A - a book of Power

   Spells                             Type                      Level
   a - Fulminant Prism                Conjuration/Hexes            4
   b - Iskenderun's Mystic Blast      Conjuration                  4
   c - Venom Bolt                     Conjuration/Poison           5
   d - Bolt of Magma                  Conjuration/Fire/Earth       5
   e - Iron Shot                      Conjuration/Earth            6
   f - Orb of Destruction             Conjuration                  7
   g - Spellforged Servitor           Conjuration/Summoning        7
Miscellaneous
 p - an ornate deck of summoning
Comestibles
 c - 8 bread rations
 J - 14 fruits


   Skills:
 + Level 7.7 Dodging
 + Level 8.2 Stealth
 * Level 11.3 Spellcasting
 + Level 6.2 Conjurations
 + Level 7.2 Hexes
 + Level 4.4 Charms
 + Level 7.0 Fire Magic
 + Level 3.6 Air Magic
 + Level 2.7 Earth Magic
 + Level 3.5 Poison Magic
 + Level 5.3 Evocations


You had one spell level left.
You knew the following spells:

 Your Spells              Type           Power        Failure   Level  Hunger
a - Flame Tongue          Conj/Fire      #####        1%          1    None
b - Throw Flame           Conj/Fire      #####.       1%          2    None
c - Conjure Flame         Conj/Fire      #####...     1%          3    None
d - Inner Flame           Hex/Fire       ######..     1%          3    None
e - Sticky Flame          Conj/Fire      #####...     1%          4    None
f - Fireball              Conj/Fire      #####.....   1%          5    ###....
g - Mephitic Cloud        Conj/Pois/Air  #####...     1%          3    None
h - Repel Missiles        Chrm/Air       #####.       1%          2    None
i - Magic Dart            Conj           ####         1%          1    None
j - Shock                 Conj/Air       ####         1%          1    None
k - Sandblast             Erth           ####..       1%          1    None
l - Bolt of Magma         Conj/Fire/Erth #####.....   1%          5    ###....


Dungeon Overview and Level Annotations

Branches:
Dungeon (10/15)            Temple (1/1) D:5            Lair (1/8) D:9
    Orc (0/2) D:9

Altars:
Ashenzari
Cheibriados
Dithmenos
Elyvilon
Fedhas
Gozag
Kikubaaqudgha
Makhleb
Nemelex Xobeh
Okawaru
Pakellas
Qazlal
Ru
Sif Muna
Trog
Vehumet
Xom
Yredelemnul
Zin
The Shining One

Shops:
D:4 !

Annotations:
D:6 1 runed door
Lair:1 Harold


Innate Abilities, Weirdness & Mutations

Your skin changes colour to match your surroundings (Stealth).
You possess an exceptional clarity of mind.
Your mind is acute. (Int +2)
Your magical capacity is low (-10% MP).
You are weak. (Str -2)
Your spells are a little easier to cast, but a little less powerful.


Message History

The bolt of fire hits you!
Casting: Sticky Flame
Confirm with . or Enter, or press ? or * to list all spells.
Aiming: Flame Tongue
Press: ? - help, Shift-Dir - straight line, f/p - Harold
Aim: Harold, wielding a dire flail and wearing a ring mail (severely wounded)
You feel a surge of power!
The flame tongue hits Harold.
Harold is severely wounded.
Casting: Flame Tongue
Confirm with . or Enter, or press ? or * to list all spells.
Aiming: Sticky Flame
Press: ? - help, Shift-Dir - straight line, f/p - Harold
Aim: Harold, wielding a dire flail and wearing a ring mail (severely wounded)
You feel a surge of power!
The sticky flame hits Harold.
Harold is severely wounded.
Harold is covered in liquid flames!
Harold burns!
Harold gestures at you while chanting. The bolt of fire hits you!
Ouch! That really hurt!
You die...

##### ### ### #
###.#.####P###########.###
#..............@....ยง.....
#..>......#####...........
#.#####...# ##..#########
#,,* #...## #...## # *,**
##....# #P...# *,* #...@##
##..## *,* #..<@## #P..#
*,* #.....# ##..# *,*
##...## #..# *,** *#...#
#..# **,,* #....# #..#
*,,** ##...# #..# *,,,*
#...# #..# **,,* *#...#
#..# *,,* *....# ##..#


You could see Harold (burning).

Vanquished Creatures
  A hill giant (D:10)
  An elephant (D:9)
  A black mamba (Lair:1)
  A rime drake (Lair:1)
  The ghost of Fabri the Insei, a novice OpTm (D:4)
  Grinder (D:3)
  3 wyverns
  12 yaks
  3 hungry ghosts
  Duvessa (D:7)
  3 orc warriors
  3 sky beasts
  2 phantoms (D:9)
  3 ogres
  2 black bears
  9 centaurs
  A crocodile (D:9)
  2 big kobolds (D:8)
  Blork the orc (D:6)
  6 giant frogs
  A wyvern skeleton (D:8)
  Dowan (D:7)
  5 wights (D:7)
  6 killer bees
  3 howler monkeys
  7 crimson imps
  A giant frog zombie (D:10)
  2 jellies
  A giant frog skeleton (D:5)
  4 hounds
  5 orc priests
  A centaur skeleton (D:9)
  A gnoll shaman (D:5)
  Jessica (D:3)
  Ijyb (D:3)
  6 iguanas
  7 orc wizards
  4 worker ants
  A killer bee zombie (D:6)
  A sheep (D:9)
  A hound skeleton (D:6)
  A hound zombie (D:9)
  Robin (D:4)
  10 adders
  15 gnolls
  3 shadow imps
  4 oozes
  An adder skeleton (D:7)
  An adder zombie (D:6)
  4 worms
  4 giant geckos
  49 orcs
  2 giant cockroaches
  16 goblins
  6 hobgoblins
  7 jackals
  7 kobolds
  6 quokkas
  2 ball pythons
  6 bats
  8 giant newts
  A quokka skeleton (D:5)
  5 rats
276 creatures vanquished.

Vanquished Creatures (others)
  A fungus (Lair:1)
1 creature vanquished.

Grand Total: 277 creatures vanquished

Notes
Turn   | Place    | Note
--------------------------------------------------------------
     0 | D:1      | Kidiri the Deep Elf Fire Elementalist began the quest for the Orb.
     0 | D:1      | Reached XP level 1. HP: 10/10 MP: 6/6
   648 | D:1      | Reached XP level 2. HP: 15/15 MP: 4/8
   652 | D:1      | Learned a level 2 spell: Throw Flame
   902 | D:2      | Reached XP level 3. HP: 19/19 MP: 7/10
   907 | D:2      | Learned a level 3 spell: Conjure Flame
   911 | D:2      | Learned a level 3 spell: Inner Flame
   970 | D:2      | Reached skill level 4 in Spellcasting
  1304 | D:2      | Reached XP level 4. HP: 24/24 MP: 7/12
  1571 | D:2      | Found a faded altar to an unknown god.
  1842 | D:2      | Found an opulent altar of Gozag.
  2106 | D:3      | Noticed Jessica
  2224 | D:3      | Noticed Ijyb
  2232 | D:3      | Killed Ijyb
  2468 | D:3      | Reached XP level 5. HP: 12/28 MP: 5/14
  2477 | D:3      | Learned a level 4 spell: Sticky Flame
  2590 | D:3      | Killed Jessica
  2590 | D:3      | Reached skill level 5 in Spellcasting
  2590 | D:3      | Reached skill level 1 in Hexes
  2968 | D:3      | Noticed Grinder
  2989 | D:3      | Killed Grinder
  2989 | D:3      | Reached XP level 6. HP: 3/32 MP: 0/16
  3651 | D:4      | Noticed Robin
  3658 | D:4      | Reached skill level 6 in Spellcasting
  3658 | D:4      | Killed Robin
  3932 | D:4      | Noticed Fabri's ghost (novice OpTm)
  3947 | D:4      | Killed Fabri's ghost
  3947 | D:4      | Reached skill level 1 in Evocations
  3947 | D:4      | Reached XP level 7. HP: 36/36 MP: 3/18
  4042 | D:4      | Learned a level 5 spell: Fireball
  4431 | D:4      | Found a bloodstained altar of Trog.
  4445 | D:4      | Found Zoph's Distillery.
  4448 | D:4      | Bought a potion of heal wounds for 65 gold pieces
  4448 | D:4      | Bought a potion of heal wounds for 65 gold pieces
  4986 | D:5      | Entered Level 5 of the Dungeon
  5003 | D:5      | Reached skill level 5 in Stealth
  5246 | D:5      | Reached skill level 7 in Spellcasting
  5438 | D:5      | Found a stormy altar of Qazlal.
  5639 | D:5      | Found a staircase to the Ecumenical Temple.
  5892 | Temple   | Entered the Ecumenical Temple
  6337 | D:5      | Reached XP level 8. HP: 41/41 MP: 17/20
  6960 | D:5      | Reached skill level 5 in Fire Magic
  6963 | D:5      | Reached skill level 5 in Dodging
  7536 | D:6      | Found a runed door.
  7536 | D:6      | Found a glowing silver altar of Zin.
  7536 | D:6      | Noticed an angel
  7539 | D:6      | Noticed Blork the orc
  7549 | D:6      | Killed Blork the orc
  7586 | D:6      | Reached skill level 8 in Spellcasting
  8131 | D:6      | Gained mutation: Your mind is acute. (Int +2) [mutagenic meat]
  8132 | D:6      | Gained mutation: Your magical capacity is low (-10% MP). [mutagenic meat]
  8134 | D:6      | Gained mutation: Your skin changes colour to match your surroundings (Stealth). [mutagenic meat]
  8135 | D:6      | Gained mutation: Your spells are a little easier to cast, but a little less powerful. [mutagenic meat]
  8748 | D:6      | Found a radiant altar of Vehumet.
  8757 | D:6      | Became a worshipper of Vehumet
  8971 | D:7      | Reached XP level 9. HP: 45/45 MP: 8/21
  9103 | D:7      | Reached skill level 9 in Spellcasting
  9326 | D:7      | Reached skill level 5 in Hexes
  9543 | D:7      | Learned a level 3 spell: Mephitic Cloud
  9546 | D:7      | Learned a level 2 spell: Repel Missiles
  9610 | D:7      | Noticed Duvessa
  9898 | D:7      | Noticed Dowan
  9908 | D:7      | Killed Dowan
 10089 | D:7      | Killed Duvessa
 10317 | D:7      | Reached skill level 5 in Conjurations
 10884 | D:7      | Found a deep blue altar of Sif Muna.
 11368 | D:7      | Reached skill level 1 in Air Magic
 11368 | D:7      | Reached skill level 1 in Poison Magic
 11516 | D:7      | Learned a level 1 spell: Magic Dart
 12079 | D:8      | Reached * piety under Vehumet
 12079 | D:8      | Offered knowledge of Shock by Vehumet.
 12093 | D:8      | Learned a level 1 spell: Shock
 12558 | D:8      | Reached skill level 10 in Spellcasting
 12558 | D:8      | Reached skill level 1 in Charms
 12802 | D:8      | Found a snail-covered altar of Cheibriados.
 13174 | D:8      | Found a sparkling altar of Nemelex Xobeh.
 13459 | D:8      | Reached XP level 10. HP: 50/50 MP: 10/23
 13899 | D:9      | Noticed an elephant
 13900 | D:9      | Found a staircase to the Lair.
 13919 | D:9      | Killed an elephant
 14264 | D:9      | Found a staircase to the Orcish Mines.
 14323 | D:9      | Reached ** piety under Vehumet
 14323 | D:9      | Offered knowledge of Sandblast by Vehumet.
 14407 | D:9      | Learned a level 1 spell: Sandblast
 14747 | D:9      | Found a burning altar of Makhleb.
 15405 | D:9      | Reached skill level 1 in Earth Magic
 15926 | D:9      | Offered knowledge of Static Discharge by Vehumet.
 15926 | D:9      | Reached skill level 5 in Evocations
 16086 | Lair:1   | Entered Level 1 of the Lair of Beasts
 16146 | Lair:1   | Noticed a black mamba
 16158 | Lair:1   | Killed a black mamba
 16441 | Lair:1   | Identified a +1 rod of inaccuracy (11/11) (You found it on level 1 of the Lair of Beasts)
 16532 | Lair:1   | Noticed Harold
 16725 | D:10     | Entered Level 10 of the Dungeon
 16790 | D:10     | Noticed a hill giant
 16800 | D:10     | Killed a hill giant
 16800 | D:10     | Reached skill level 11 in Spellcasting
 17021 | D:10     | Found a shadowy altar of Dithmenos.
 17110 | D:10     | Learned a level 5 spell: Bolt of Magma
 17241 | D:10     | Reached XP level 11. HP: 54/54 MP: 12/25
 17246 | D:10     | Reached *** piety under Vehumet
 18320 | D:8      | Gained mutation: You are weak. (Str -2) [mutagenic meat]
 18321 | D:8      | Gained mutation: You possess an exceptional clarity of mind. [mutagenic meat]
 18467 | Lair:1   | Killed from afar by Harold

Vault maps used:
D:1:      dpeg_arrival_erosion
D:2:      nicolae_overflow_hidden_temple, first_bread, ecumenical_altar_1,
          minivault_4
D:3:      uniq_jessica, uniq_grinder, uniq_iyjb
D:4:      old_standard_altar, serial_shops, nicolae_shop_behind_doors,
          uniq_robin
D:5:      kennysheep_mini_moat, temple_fountains
D:6:      overflow_temple_1_default, lemuel_angel_altar, uniq_blork_the_orc
D:7:      tgw_sif, uniq_duvessa
D:8:      cheibrodos_worm_habitat, blue_anna_alchemist,
          nemelex_diamond_rough_becter
D:9:      kennysheep_mini, david_lair_generic, orc_0_dummy
D:10:     dk_noncrumbling_4, grunt_dithmenos_smoke_and_mirrors
Temple:   minmay_temple_curvy_14
Lair:1:   uniq_harold

Skill      XL: |  1  2  3  4  5  6  7  8  9 10 11 |
---------------+----------------------------------+-----
Spellcasting   | 4 5 6 7 8 10 11 | 11.3
Dodging        | 3 4 5 6 7 |  7.7
Conjurations   | 2 3 4 5 6 |  6.2
Stealth        | 3 4 5 6 7 8 |  8.2
Hexes          | 2 3 4 5 6 7 |  7.2
Fire Magic     | 4 5 6 7 |  7.0
Evocations     | 1 2 3 4 5 |  5.3
Air Magic      | 2 3 |  3.6
Poison Magic   | 1 3 |  3.5
Charms         | 1 4 |  4.4
Earth Magic    | 2 |  2.7

Action                   |  1- 3 |  4- 6 |  7- 9 | 10-12 || total
-------------------------+-------+-------+-------+-------++-------
Melee: Short sword       |     1 |     2 |       |       ||     3
       Long sword        |       |     3 |       |       ||     3
       Dagger            |       |       |   346 |    26 ||   372
Throw: Throwing net      |       |       |       |     1 ||     1
 Cast: Flame Tongue      |    32 |    79 |   206 |   140 ||   457
       Throw Flame       |     7 |    24 |    92 |    43 ||   166
       Conjure Flame     |       |     3 |    17 |    17 ||    37
       Sticky Flame      |       |     1 |    15 |    19 ||    35
       Inner Flame       |       |     1 |    12 |    10 ||    23
       Magic Dart        |       |       |     7 |    27 ||    34
       Mephitic Cloud    |       |       |     3 |     2 ||     5
       Repel Missiles    |       |       |     2 |       ||     2
       Bolt of Magma     |       |       |       |     2 ||     2
       Fireball          |       |       |       |     4 ||     4
       Shock             |       |       |       |     1 ||     1
  Use: Scroll            |     4 |     6 |     6 |    15 ||    31
       Potion            |       |     2 |     1 |     5 ||     8
 Stab: Sleeping          |     1 |     1 |     2 |     2 ||     6
       Held in net/web   |       |       |       |     1 ||     1
  Eat: Chunk             |     1 |     7 |    19 |     5 ||    32
       Pizza             |       |     1 |       |       ||     1
       Meat ration       |       |       |     3 |     3 ||     6
       Fruit             |       |       |       |    10 ||    10
       Royal jelly       |       |       |       |     1 ||     1
